Map: [ESL] Oceanborn

Players

Oliveira - Winner!

  • Race: Terran Terran
  • Spawn Location: 11:00

MeomaikA

  • Race: Zerg Zerg
  • Spawn Location: 5:00

Event: ESL SC2 Masters 2023 Winter (Regional)

VOD

Have the link to the VOD?

Description

Time

  • Played on: Nov. 10, 2023, 7:11 a.m.
  • Length: 5:45

All games in this series

Show
View Real Time Build Order
Export as new Build Order

Oliveira Terran - Winner!

Build Orders:  

Get SALT Encoding   

  12  0:00  SCV  
  13  0:13  SCV  
  14  0:17  Supply Depot  
  14  0:25  SCV  
  15  0:38  SCV  
  15  0:40  Barracks  
  16  0:44  Refinery  
  16  0:51  SCV  
  17  1:03  SCV  
  18  1:15  SCV  
  19  1:28  Orbital Command, Barracks Reactor  
  19  1:38  Command Center  
  19  1:48  Supply Depot  
  19  1:53  SCV  
  20  2:05  SCV, Marine x2  
  20  2:08  Factory  
  23  2:17  SCV  
  24  2:23  Marine x2  
  24  2:29  SCV  
  27  2:41  Marine x2  
  29  2:50  SCV  
  30  2:59  Refinery  
  30  3:00  Starport  
  30  3:02  Marine  
  31  3:09  Orbital Command, Cyclone, SCV, Marine  
  35  3:20  Marine  
  35  3:21  SCV  
  35  3:26  Marine  
  38  3:33  SCV  
  39  3:35  SCV  
  39  3:36  Medivac  
  39  3:38  Barracks, Supply Depot  
  42  3:42  Factory Tech Lab  
  42  3:45  SCV  
  42  3:47  SCV  
  44  3:48  Marine x2  
  46  4:00  Siege Tank, SCV x2  
  51  4:03  Supply Depot  
  53  4:12  SCV  
  53  4:13  SCV  
  53  4:18  Barracks Tech Lab  
  51  4:25  SCV  
  51  4:27  Command Center  
  52  4:33  Supply Depot  
  52  4:34  SCV  
  52  4:39  Marine  
  52  4:40  SCV  
  53  4:46  SCV  
  53  4:50  Marine x2  
  53  4:51  Starport Reactor  
  53  4:52  SCV  
  57  4:57  Marine  
  57  4:58  SCV  
  59  5:04  Siege Tank, SCV  
  59  5:05  Refinery  
  63  5:08  Marine x2  
  63  5:09  Supply Depot  
  63  5:13  SCV  
  66  5:15  Marine  
  66  5:17  SCV  
  57  5:40  Supply Depot  
Show
View Real Time Build Order
Export as new Build Order

MeomaikA Zerg 

Build Orders: Pool First 

Get SALT Encoding   

  12  0:00  Drone  
  13  0:12  Overlord  
  13  0:16  Drone  
  14  0:30  Drone x2  
  14  0:34  Drone  
  17  0:43  Spawning Pool  
  17  0:46  Drone  
  17  1:08  Hatchery  
  17  1:10  Drone  
  17  1:12  Extractor  
  17  1:15  Drone  
  17  1:30  Zergling x4  
  17  1:31  Queen  
  21  1:38  Drone  
  22  1:49  Overlord  
  22  2:06  Queen  
  22  2:07  Drone  
  25  2:15  Drone  
  25  2:16  Metabolic Boost  
  25  2:20  Drone  
  25  2:22  Drone  
  28  2:31  Drone  
  28  2:32  Drone  
  29  2:38  Drone  
  29  2:39  Drone x2  
  29  2:42  Drone  
  33  2:45  Drone  
  33  2:52  Drone  
  33  2:54  Drone  
  35  2:59  Lair  
  35  3:02  Overlord  
  35  3:14  Hatchery  
  35  3:19  Overlord  
  34  3:21  Queen  
  34  3:27  Overlord  
  36  3:29  Overlord  
  36  3:38  Zergling x4  
  36  3:39  Zergling x8  
  42  3:46  Zergling x6  
  45  3:50  Zergling x2  
  45  3:51  Zergling x2  
  45  3:53  Zergling x4  
  45  3:54  Zergling x2  
  50  3:57  Pneumatized Carapace  
  50  4:02  Zergling x4  
  52  4:06  Queen  
  54  4:14  Zergling x4  
  56  4:19  Zergling x2  
  56  4:20  Zergling x4  
  56  4:23  Zergling x2  
  56  4:24  Zergling x4  
  56  4:25  Zergling x2  
  56  4:26  Zergling x2  
  56  4:27  Zergling x2  
  59  4:37  Zergling x6  
  55  4:49  Zergling x2  
  55  4:50  Zergling x4  
  55  4:52  Zergling x6  
  57  4:57  Zergling x2  
  57  4:59  Zergling x2  
  59  5:04  Zergling x2  
  60  5:08  Zergling x2  
  60  5:10  Zergling x2  
  62  5:14  Zergling x2  
  59  5:24  Zergling x4  
  59  5:25  Zergling x4  
Tags
 
Add a new tag
Caveats
  • Supply blocks, unpowered buildings, or Contaminate may cause inaccurate times.
  • Supply counts are checked every 10 seconds.